 Dungeon Crawl Stone Soup version 0.26.0-16-gc1dbca0489 (webtiles) character file.

Game seed: 9192877858895831843

1421641 EnegeticOcto the Eye of the Storm (level 27, 209/209 HPs)
             Began as a Halfling Necromancer on Jan 17, 2021.
             Was a Priest of Qazlal.
             Escaped with the Orb
             ... and 3 runes!
             The game lasted 02:02:12 (108220 turns).

EnegeticOcto the Eye of the Storm (HaNe)          Turns: 108220, Time: 02:02:12

Health: 209/209    AC: 41    Str: 11    XL:     27
Magic:  39/39      EV:  9    Int: 13    God:    Qazlal [***...]
Gold:   3456       SH: 27    Dex: 19    Spells: 28/29 levels left

rFire    + + .     SeeInvis .   l - +8 fustibalus "Coekat" {freeze, +Blink}
rCold    + + .     Faith    .   A - +2 kite shield
rNeg     . . .     Spirit   .   R - +5 gold dragon scales
rPois    +         Reflect  +   c - +2 helmet
rElec    .         Harm     .   T - +2 cloak {Will+}
rCorr    .         Rampage  .   M - +0 pair of gloves of the Hills {rPois rC+ Str-5 Slay+5}
Will     +++..     Rnd*Rage +   E - +2 pair of boots
Stlth    ..........             V - amulet of reflection
HPRegen  0.44/turn              o - +4 ring of slaying
MPRegen  0.26/turn              i - ring of protection from fire

@: no status effects
A: small, camouflage 1, berserk 2, mutation resistance 1, screaming 1, weak 1
0: Orb of Zot
}: 3/15 runes: decaying, serpentine, slimy
a: Renounce Religion, Evoke Blink, Upheaval, Elemental Force


You escaped.
You worshipped Qazlal.
Qazlal was most pleased with you.
You visited 11 branches of the dungeon, and saw 54 of its levels.
You visited 1 ziggurat, and saw 5 of its levels.

You collected 9101 gold pieces.
You spent 5645 gold pieces at shops.

Inventory:

Hand Weapons
 b - a +9 fustibalus of flaming
   (You bought it in a shop on level 6 of the Dungeon)
 l - the +8 fustibalus "Coekat" (weapon) {freeze, +Blink}
   (You found it on level 5 of the Pits of Slime)

   It causes projectiles fired from it to freeze those they strike, causing
   extra injury to most foes and up to half again as much damage against
   particularly susceptible opponents.
   They can also slow down cold-blooded creatures.
   It lets you blink.
 J - a +4 scimitar of distortion
   (You took it off a hell knight on level 5 of the Depths)
Missiles
 s - 53 stones (quivered ammo)
 y - 93 sling bullets
 C - 11 boomerangs of dispersal
 N - 14 curare-tipped darts
 U - a throwing net {!f}
Armour
 c - a +2 helmet (worn)
   (You found it on level 4 of the Dungeon)
 A - a +2 kite shield (worn)
   (You found it on level 5 of the Dungeon)
 E - a +2 pair of boots (worn)
   (You found it on level 9 of the Dungeon)
 G - a +2 pair of gloves of strength
   (You found it on level 3 of the Elven Halls)
 M - the +0 pair of gloves of the Hills (worn) {rPois rC+ Str-5 Slay+5}
   (You found it on level 5 of the Lair of Beasts)

   It affects your strength (-5).
   It affects your accuracy and damage with ranged weapons and melee attacks
   (+5).
   It protects you from cold.
   It protects you from poison.
 R - +5 gold dragon scales (worn)
   (You found it on level 3 of the Depths)
 T - a +2 cloak of willpower (worn)
   (You took it off Nikola on level 2 of the Snake Pit)
Jewellery
 i - a ring of protection from fire (right hand)
   (You found it on level 1 of the Dungeon)
 o - a +4 ring of slaying (left hand)
   (You found it on level 3 of the Depths)
 K - an uncursed ring of ice {unknown}
   (You found it on level 3 of the Realm of Zot)
 Q - the ring of the Hare {EV+8}
   (You acquired it on level 1 of the Vaults)

   [ring of evasion]

   It affects your evasion (+8).
 S - the ring "Irekiwoso" {rC+ rCorr Str+5}
   (You acquired it on level 1 of the Snake Pit)

   [ring of resist corrosion]

   It affects your strength (+5).
   It protects you from cold.
   It provides partial protection from all sources of acid and corrosion.
 V - an amulet of reflection (around neck)
   (You bought it in a shop on level 1 of the Snake Pit)
Wands
 g - a wand of paralysis (47)
   (You bought it in a shop on level 4 of the Dungeon)
 w - a wand of iceblast (32) {@v2}
   (You bought it in a shop on level 4 of the Dungeon)
 z - a wand of enslavement (12)
   (You found it on level 2 of the Snake Pit)
 Y - a wand of polymorph (4)
   (You took it off a vault sentinel on level 3 of the Vaults)
Scrolls
 d - 30 scrolls of remove curse {@r2}
 j - 3 scrolls of fear {!r}
 n - 10 scrolls of fog {!r}
 p - 22 scrolls of teleportation {@r3 !r}
 q - 2 scrolls of magic mapping {@r5 !r}
 t - 2 scrolls of blinking {@r4}
 u - 4 scrolls of vulnerability
 B - 12 scrolls of identify {@r1}
 L - 6 scrolls of immolation
 X - 2 scrolls of holy word
Potions
 e - 8 potions of attraction
 f - 5 potions of might {@q3 !q}
 h - 11 potions of heal wounds {@q2 !q}
 m - 20 potions of curing {@q1 !q}
 r - 11 potions of magic
 v - 10 potions of haste {@q4 !q}
 x - 7 potions of mutation
 F - 8 potions of lignification {@q6}
 H - 4 potions of invisibility
 O - 2 potions of cancellation
 P - a potion of berserk rage
Miscellaneous
 a - a condenser vane
   (You bought it in a shop on level 4 of the Depths)
 k - a lightning rod (4/4)
   (You bought it in a shop on level 4 of the Dungeon)
 I - a phial of floods
   (You found it on level 1 of the Lair of Beasts)
 Z - a tin of tremorstones (2/2)
   (You found it on level 2 of the Depths)


   Skills:
 + Level 22.7 Fighting
 - Level 14.0 Slings
 - Level 2.5 Crossbows
 - Level 20.0 Armour
 + Level 16.2 Dodging
 - Level 2.1 Stealth
 - Level 21.0 Shields
 - Level 1.5 Spellcasting
 - Level 3.2 Necromancy
 - Level 10.0 Translocations
 + Level 25.6 Invocations
 - Level 12.0 Evocations


You had 28 spell levels left.
You knew the following spells:

 Your Spells              Type           Power        Failure   Level
a - Apportation           Tloc           54%          71%         1

Your spell library contained the following spells:

 Spells                   Type           Power        Failure   Level
 Blink                    Tloc           N/A          83%         2
 Gell's Gravitas          Tloc           13%          97%         3
 Lesser Beckoning         Tloc           13%          97%         3
 Teleport Other           Tloc           27%          97%         3
 Animate Skeleton         Necr           18%          100%        1
 Beastly Appendage        Tmut           2%           100%        1
 Corona                   Hex            1%           100%        1
 Foxfire                  Conj/Fire      4%           100%        1
 Freeze                   Ice            4%           100%        1
 Magic Dart               Conj           4%           100%        1
 Pain                     Necr           36%          100%        1
 Shock                    Conj/Air       4%           100%        1
 Summon Small Mammal      Summ           4%           100%        1
 Call Imp                 Summ           1%           100%        2
 Corpse Rot               Necr/Air       N/A          100%        2
 Ensorcelled Hibernation  Hex/Ice        2%           100%        2
 Poisonous Vapours        Pois/Air       2%           100%        2
 Searing Ray              Conj           2%           100%        2
 Slow                     Hex            1%           100%        2
 Sublimation of Blood     Necr           4%           100%        2
 Swiftness                Air            1%           100%        2
 Wereblood                Tmut           1%           100%        2
 Call Canine Familiar     Summ           1%           100%        3
 Confusing Touch          Hex            1%           100%        3
 Conjure Flame            Conj/Fire      1%           100%        3
 Frozen Ramparts          Ice            2%           100%        3
 Inner Flame              Hex/Fire       1%           100%        3
 Mephitic Cloud           Conj/Pois/Air  1%           100%        3
 Ozocubu's Armour         Ice            1%           100%        3
 Portal Projectile        Hex/Tloc       28%          100%        3
 Spider Form              Tmut/Pois      0%           100%        3
 Static Discharge         Conj/Air       1%           100%        3
 Stone Arrow              Conj/Erth      2%           100%        3
 Summon Guardian Golem    Hex/Summ       1%           100%        3
 Tukima's Dance           Hex            1%           100%        3
 Vampiric Draining        Necr           4%           100%        3
 Airstrike                Air            0%           100%        4
 Animate Dead             Necr           4%           100%        4
 Cause Fear               Hex            0%           100%        4
 Dispel Undead            Necr           9%           100%        4
 Hailstorm                Conj/Ice       1%           100%        4
 Ice Form                 Ice/Tmut       1%           100%        4
 Leda's Liquefaction      Hex/Erth       0%           100%        4
 Olgreb's Toxic Radiance  Pois           1%           100%        4
 Passage of Golubria      Tloc           N/A          100%        4
 Summon Ice Beast         Ice/Summ       1%           100%        4
 Summon Lightning Spire   Summ/Air       1%           100%        4
 Agony                    Necr           9%           100%        5
 Alistair's Intoxication  Tmut/Pois      0%           100%        5
 Blade Hands              Tmut           0%           100%        5
 Borgnjor's Vile Clutch   Necr/Erth      2%           100%        5
 Excruciating Wounds      Necr           4%           100%        5
 Lightning Bolt           Conj/Air       0%           100%        5
 Metabolic Englaciation   Hex/Ice        0%           100%        5
 Silence                  Hex/Air        0%           100%        5
 Summon Forest            Summ/Tloc      7%           100%        5
 Summon Mana Viper        Hex/Summ       1%           100%        5
 Yara's Violent Unravell  Hex/Tmut       0%           100%        5
 Conjure Ball Lightning   Conj/Air       0%           100%        6
 Death Channel            Necr           4%           100%        6
 Dispersal                Tloc           13%          100%        6
 Eringya's Noxious Bog    Tmut/Pois      0%           100%        6
 Freezing Cloud           Conj/Ice/Air   0%           100%        6
 Hydra Form               Tmut           0%           100%        6
 Invisibility             Hex            1%           100%        6
 Ozocubu's Refrigeration  Ice            0%           100%        6
 Shadow Creatures         Summ           N/A          100%        6
 Simulacrum               Ice/Necr       2%           100%        6
 Dragon Form              Tmut           0%           100%        7
 Malign Gateway           Summ/Tloc      7%           100%        7
 Monstrous Menagerie      Summ           0%           100%        7
 Summon Greater Demon     Summ           0%           100%        7
 Summon Hydra             Summ           0%           100%        7
 Chain Lightning          Conj/Air       0%           100%        8
 Discord                  Hex            0%           100%        8
 Disjunction              Tloc           13%          100%        8
 Lehudib's Crystal Spear  Conj/Erth      0%           100%        8
 Summon Horrible Things   Summ           0%           100%        8
 Absolute Zero            Ice            0%           100%        9
 Dragon's Call            Summ           0%           100%        9
 Fire Storm               Conj/Fire      0%           100%        9
 Tornado                  Air            0%           100%        9


Dungeon Overview and Level Annotations

Branches:
Dungeon (15/15)            Temple (1/1) D:5            Lair (6/6) D:8
  Swamp (4/4) Lair:4        Snake (4/4) Lair:4        Slime (5/5) Lair:5
    Orc (2/2) D:12            Elf (3/3) Orc:2        Vaults (4/5) D:14
  Crypt (0/3) Vaults:3     Depths (5/5) D:15            Zot (5/5) Depths:5

Altars:
Ashenzari
Cheibriados
Dithmenos
Elyvilon
Gozag
Hepliaklqana
Kikubaaqudgha
Makhleb
Nemelex Xobeh
Okawaru
Qazlal
Ru
Sif Muna
Trog
Uskayaw
Vehumet
Wu Jian
Xom
Yredelemnul
Zin
The Shining One
Jiyva

Shops:
D:4 }   D:5 (   D:6 *(}   D:8 (   Orc:2 ?::(   Elf:1 =}=   Snake:1 =(*
Snake:2 **   Depths:4 }

Portals:
Hell: Lair:6 Depths:1 Depths:2 Depths:3 Depths:4 Depths:5
Abyss: Depths:3 Depths:4
Pandemonium: Depths:3

Annotations:
Snake:2 3 runed translucent doors, exclusion: obsidian statue, Liforeniyw's ghost, adept MiBe
Elf:2 3 runed translucent doors


Innate Abilities, Weirdness & Mutations

You are small and have problems with some larger weapons.
You are somewhat resistant to further mutation.
Your skin changes colour to match your surroundings (Stealth+).
You often lose your temper in combat.
You occasionally shout uncontrollably at your foes.
You are weak. (Str -2)


Message History

(Z) Zot
Where to? (Enter - D:1 @ (x,y), ? - help)
A hellephant comes into view.
The hellephant trumpets!
Unknown command.
Unknown command.
Unknown command.
The hellephant blinks!
The hellephant breathes flames at you. The blast of flame hits you! You resist.
The hellephant blinks! 2 golden eyes come into view.
The golden eye turns its gaze towards you. x2
The hellephant blinks!
The golden eye blinks at you.
You easily resist.
The golden eye blinks at you. You resist with almost no effort.
The golden eye blinks at you. You resist with almost no effort.
The golden eye turns its gaze towards you. x2
The golden eye blinks at you.
You are confused.
The golden eye turns its gaze towards you.
The golden eye blinks!
The golden eye blinks at you. You resist with almost no effort.
You shout at the rust devil!
A rust devil comes into view.
There is an escape hatch in the ceiling here.
Really quaff
m - 21 potions of curing {@q1 !q}?
You feel better.
The golden eye blinks!
Really go through this one-way escape hatch?
The golden eye is engulfed in blazing flames.
The golden eye blinks at you. You resist with some effort.
The golden eye is engulfed in blazing flames.
You kill the golden eye!
Qazlal accepts your kill. A mysterious force pulls you upwards.
The hatch slams shut behind you.
(D) Dungeon (T) Temple (L) Lair (S) Swamp (P) Snake Pit (M) Slime Pits (O) Orcish Mines (E) Elven Halls (V) Vaults (C) Crypt (U) Depths (H) Hell (Z) Zot
Where to? (Enter - D:1 @ (x,y), ? - help)
There is a stone staircase leading up here.
You see here a +0 pair of gloves.
You climb upwards.
There is a stone staircase leading down here.
There is an open door here.
You see here a falchion.
A hellephant comes into view.
The hellephant blinks!
There is an open door here.
You close the door.
(D) Dungeon (T) Temple (L) Lair (S) Swamp (P) Snake Pit (M) Slime Pits (O) Orcish Mines (E) Elven Halls (V) Vaults (C) Crypt (U) Depths (H) Hell (Z) Zot
Where to? (Enter - D:1 @ (x,y), ? - help)
There is a stone staircase leading up here.
You climb upwards.
There is a stone staircase leading down here.
You open the door.
There is an open door here.
There is an open door here.
There is a stone staircase leading up here.
You climb upwards.
There is a stone staircase leading down here.
There is a stone staircase leading down here.
There is a stone staircase leading up here.
You climb upwards.
There is a stone staircase leading down here.
There is a stone staircase leading up, spattered with blood here.
You climb upwards.
There is a stone staircase leading down, spattered with blood here.
You see here a +0 club.
A ynoxinul comes into view.
The ynoxinul bellows!
Unknown command.
You shoot a stone. The stone hits the ynoxinul!
The stone freezes the ynoxinul.
The ynoxinul is heavily wounded.
You shoot a stone.
The stone hits the ynoxinul but does no damage.
The ynoxinul is heavily wounded.
You shoot a stone. The stone hits the ynoxinul!!
The stone freezes the ynoxinul.
You kill the ynoxinul!
Qazlal accepts your kill.
No target in view!
(D) Dungeon (T) Temple (L) Lair (S) Swamp (P) Snake Pit (M) Slime Pits (O) Orcish Mines (E) Elven Halls (V) Vaults (C) Crypt (U) Depths (H) Hell (Z) Zot
Where to? (Enter - D:1 @ (x,y), ? - help)
s - 53 stones (gained 1)
A chaos spawn comes into view.
There is a staircase leading out of the dungeon here.
You have escaped!

###
..################
...............○.#
......##...##...@#
.(.........4.....#
..################
............#
#.#########)#
......)...>.#
..#########.######
..............)..#
...#####.#######.#


You could see a chaos spawn.

Vanquished Creatures
  the Royal Jelly (Slime:5)
  Mara (Snake:3)
  2 ancient liches (Zot:5)
  9 orbs of fire
  2 juggernauts
  5 Killer Klowns
  Saint Roka (Vaults:1)
  A curse toe (Zot:5)
  Nikola (Snake:2)
  4 golden dragons
  3 bone dragons
  2 liches
  3 electric golems
  13 tentacled monstrosities
  A titan (Zot:2)
  27 Orb Guardians
  3 quicksilver dragons
  5 deep elf master archers (Elf:3)
  5 deep elf blademasters (Elf:3)
  28 acid blobs
  Gastronok (Lair:1)
  Frances (Swamp:1)
  3 sphinxes
  7 death cobs
  4 tengu reavers
  5 shadow dragons
  10 storm dragons
  9 draconian monks
  Donald (Vaults:3)
  15 azure jellies
  10 frost giants
  8 vault wardens
  10 nagarajas
  7 draconian knights
  11 fire giants
  3 deep elf sorcerers (Elf:3)
  10 draconian scorchers
  An orc warlord (Orc:1)
  2 ghost moths
  5 draconian shifters
  A balrug (Depths:1)
  Aizul (Snake:2)
  Louise (Swamp:1)
  6 draconian stormcallers
  A curse skull (Zig:2)
  2 reapers
  5 draconian annihilators
  2 spriggan defenders
  4 deep elf elementalists (Elf:3)
  12 ironheart preservers
  21 very ugly things
  26 stone giants
  4 deep elf demonologists
  13 black draconians
  11 white draconians
  A vampire knight (Zig:3)
  7 green draconians
  5 deep elf annihilators (Elf:3)
  19 purple draconians
  3 spark wasps (Depths:5)
  10 red draconians
  7 yellow draconians
  7 deep elf death magi
  2 bunyips
  An eidolon (Vaults:3)
  A crystal guardian (Vaults:4)
  6 eleionomae
  5 fire dragons
  5 death oozes (Slime:5)
  3 jiangshi (Depths:2)
  A green death (Zig:4)
  14 yaktaur captains
  A merfolk impaler (Depths:2)
  14 ettins
  A deep elf high priest (Elf:3)
  A vault guard (Vaults:3)
  A hell beast (Zot:1)
  6 great orbs of eyes
  18 hydras
  23 naga warriors
  5 rakshasas
  15 ice dragons
  9 ghost crabs
  4 spriggan air magi
  10 boulder beetles
  12 centaur warriors
  14 anacondas
  25 two-headed ogres
  7 death yaks
  8 ogre magi
  A catoblepas (Lair:5)
  A death knight (D:14)
  12 alligators
  2 death scarabs (Zig:1)
  A deep troll shaman (Depths:5)
  12 dancing weapons
  6 tengu warriors
  An orc high priest (Elf:1)
  3 vampire magi
  16 deep elf knights
  27 naga sharpshooters
  Urug (Lair:1)
  2 deep troll earth magi
  9 hell knights
  5 shock serpents
  2 sun demons (Depths:1)
  Nergalle (Lair:2)
  10 iron trolls (Zot:2)
  3 sixfirhies
  3 salamander mystics
  2 shadow wraiths
  5 unseen horrors
  A skeletal warrior (D:15)
  7 swamp dragons
  5 glowing orange brains
  3 flayed ghosts
  A glowing orange brain (shapeshifter) (Vaults:2)
  2 death drakes
  22 deep trolls
  6 goliath frogs
  3 spectral hydras (Swamp:4)
  17 deep elf archers
  7 wizards
  5 bog bodies
  5 spriggan druids
  5 harpies (Vaults:1)
  7 naga ritualists
  4 phantasmal warriors
  19 ironbrand convokers
  3 lindwurms
  9 necromancers
  8 mana vipers
  A shadow dragon skeleton (Depths:3)
  7 cyclopes
  17 orc knights
  2 wolf spiders (Vaults:1)
  9 orc sorcerers
  10 shining eyes
  5 oklob plants (Lair:6)
  39 deep elf magi
  2 will-o-the-wisps
  27 moths of wrath
  A moth of wrath (shapeshifter) (Vaults:3)
  52 ugly things
  3 manticores
  2 guardian serpents
  A frost giant skeleton (Depths:3)
  A fire giant skeleton (Depths:3)
  15 salamanders
  A stone giant skeleton (D:15)
  3 molten gargoyles (Depths:4)
  7 vault sentinels
  41 black mambas
  2 centaur zombies
  6 eyes of devastation
  A smoke demon (Depths:3)
  23 naga magi
  2 torpor snails
  5 apocalypse crabs
  A gargoyle (D:11)
  3 orange demons (Lair:6)
  10 rime drakes
  A yaktaur zombie (D:15)
  16 cane toads
  A komodo dragon (shapeshifter) (Depths:3)
  A kobold demonologist (D:15)
  14 komodo dragons
  3 efreet
  3 swamp worm zombies (Swamp:4)
  5 spectral swamp worms (Depths:5)
  2 hellions (Depths:4)
  Maggie (D:9)
  6 freezing wraiths
  46 yaktaurs
  A hellwing (Lair:6)
  5 hydra zombies (Swamp:4)
  14 trolls
  A guardian mummy (D:15)
  A jumping spider (shapeshifter) (Vaults:1)
  A yaktaur skeleton (Vaults:1)
  2 red devils (Lair:6)
  7 tyrant leeches
  4 polar bears
  3 tengu conjurers
  A merfolk (shapeshifter) (Vaults:1)
  A troll (shapeshifter) (Depths:2)
  11 hornets
  13 bloated husks
  A raiju (shapeshifter) (Vaults:3)
  11 blink frogs
  Prince Ribbit (D:6)
  129 slime creatures
  2 alligator zombies (Swamp:4)
  An ettin zombie (D:15)
  A sphinx simulacrum (Vaults:1)
  Grinder (D:6)
  A meliai zombie (D:12)
  A fire giant simulacrum (Depths:3)
  A dream sheep (Lair:6)
  A spriggan (shapeshifter) (Vaults:3)
  A vampire (D:10)
  A water elemental (Elf:1)
  A fire dragon skeleton (D:15)
  2 air elementals
  A tarantella (shapeshifter) (Vaults:4)
  A ynoxinul (D:1)
  66 yaks
  12 spriggans
  5 wraiths
  3 wyverns
  A shadow (D:12)
  8 basilisks
  8 fire elementals
  Eustachio (D:6)
  7 golden eyes
  A golden eye (shapeshifter) (Vaults:4)
  6 vampire mosquitoes
  2 neqoxecs (Depths:3)
  A chaos spawn (D:7)
  3 wargs
  Menkaure (D:6)
  An ogre zombie (Vaults:1)
  A yaktaur simulacrum (Vaults:1)
  49 nagas
  17 swamp worms
  3 acid dragons
  A floating eye (shapeshifter) (Zig:5)
  4 hell hounds (Lair:6)
  19 water moccasins
  3 floating eyes
  5 swamp drakes
  An ice beast (D:15)
  7 black bears
  55 orc warriors
  8 sky beasts
  2 swamp dragon zombies (Swamp:4)
  A human zombie (Vaults:1)
  6 phantoms
  8 eyes of draining
  44 ogres
  25 centaurs
  7 boggarts (Vaults:1)
  3 necrophages
  18 wolves
  An orc skeleton (Vaults:1)
  13 bullfrogs
  5 big kobolds
  7 earth elementals
  A water moccasin skeleton (D:5)
  3 scorpions
  3 killer bees
  A killer bee (shapeshifter) (Vaults:3)
  8 howler monkeys
  12 wights
  3 electric eels
  2 bullfrog zombies
  5 hounds
  A quasit (D:6)
  25 orc priests
  7 centaur skeletons
  4 jellies
  30 orc wizards
  2 bullfrog skeletons
  7 worker ants
  2 spectral swamp drakes (Swamp:4)
  A hound zombie (D:6)
  A mummy (Zig:1)
  6 gnolls
  A worker ant zombie (D:11)
  8 adders
  A howler monkey skeleton (D:5)
  3 swamp drake zombies (Swamp:4)
  3 shadow imps
  4 white imps
  An ufetubus (D:8)
  2 oozes
  2 adder zombies
  6 worms
  An adder skeleton (D:5)
  2 dart slugs (D:3)
  7 leopard geckos
  130 orcs
  2 ball pythons
  4 giant cockroaches
  12 goblins
  9 hobgoblins
  4 jackals
  6 quokkas
  7 bats
  A frilled lizard (D:5)
  A jackal skeleton (D:7)
  17 kobolds
  2 leopard gecko skeletons
  2 leopard gecko zombies
  A quokka skeleton (D:5)
  A quokka zombie (D:9)
  10 rats
  A bush (Lair:5)
2320 creatures vanquished.

Vanquished Creatures (collateral kills)
  An orb of fire (Zot:2)
  Sojobo (Vaults:3)
  The ghost of jlumianski the Warrior, a veteran KoBe of Trog (Vaults:2)
  Jorgrun (D:14)
  Rupert (Lair:3)
  A deep elf master archer (Elf:3)
  A fenstrider witch (Swamp:4)
  A shadow dragon (Vaults:4)
  A draconian scorcher (Zot:2)
  A draconian shifter (Zot:2)
  2 very ugly things (Vaults:4)
  A spark wasp (Depths:5)
  Snorg (D:13)
  A spriggan air mage (Depths:2)
  A bog body (Swamp:4)
  An orc knight (Orc:2)
  2 ugly things (Vaults:4)
  A freezing wraith (Vaults:3)
  A troll (Vaults:1)
  6 slime creatures (Slime:5)
  An alligator zombie (Swamp:4)
  7 orc warriors
  A centaur (Vaults:1)
  An orc priest (Vaults:1)
  An orc wizard (D:14)
  4 orcs
42 creatures vanquished.

Vanquished Creatures (others)
  A green draconian (Zot:4)
  A black draconian (Zot:2)
  An ogre mage (Vaults:3)
  A two-headed ogre (Zot:2)
  A deep elf knight (Vaults:2)
  A moth of wrath (Zot:2)
  A deep elf mage (Elf:3)
  2 bloated husks (Swamp:4)
  4 water elementals
  A hog (shapeshifter) (Depths:3)
  2 vampire mosquitoes
  A swamp worm (Swamp:4)
  7 hydra simulacra (Depths:2)
  An orc warrior (Orc:2)
  A centaur (D:15)
  8 foxfires
  96 fungi
  185 plants
  11 withered plants (D:15)
326 creatures vanquished.

Grand Total: 2688 creatures vanquished

Notes
Turn   | Place    | Note
-------+----------+-------------------------------------------
     0 | D:1      | EnegeticOcto the Halfling Necromancer began the quest for
                  | the Orb.
     0 | D:1      | Reached XP level 1. HP: 11/11 MP: 3/3
   413 | D:1      | Reached skill level 1 in Fighting
   523 | D:1      | Reached XP level 2. HP: 12/18 MP: 0/4
   890 | D:1      | Reached skill level 2 in Fighting
   943 | D:1      | Reached XP level 3. HP: 21/24 MP: 5/5
  1674 | D:1      | Reached skill level 3 in Fighting
  1674 | D:1      | Reached XP level 4. HP: 11/31 MP: 6/6
  2246 | D:2      | Found a white marble altar of Elyvilon.
  2944 | D:3      | Reached XP level 5. HP: 32/37 MP: 7/7
  3054 | D:3      | Found a sparkling altar of Nemelex Xobeh.
  3145 | D:3      | Reached skill level 1 in Slings
  3182 | D:3      | Noticed a +0 dagger
  3182 | D:3      | Noticed a +0 dagger
  3184 | D:3      | Found a hide-covered altar of Uskayaw.
  3271 | D:3      | Reached skill level 4 in Fighting
  3285 | D:3      | Reached skill level 2 in Slings
  3577 | D:3      | Reached skill level 3 in Slings
  3577 | D:3      | Reached XP level 6. HP: 33/44 MP: 8/8
  3936 | D:2      | Found an ornate altar of the Wu Jian Council.
  3936 | D:2      | Found a sacrificial altar of Ru.
  3947 | D:2      | Reached skill level 4 in Slings
  4371 | D:4      | Reached skill level 5 in Fighting
  4371 | D:4      | Reached XP level 7. HP: 43/50 MP: 9/9
  4495 | D:4      | Reached skill level 5 in Slings
  4668 | D:4      | Found Qicoibro's Gadget Boutique.
  5091 | D:5      | Entered Level 5 of the Dungeon
  5091 | D:5      | Found Asiphuze's Weapon Shop.
  5337 | D:5      | Found a staircase to the Ecumenical Temple.
  5592 | D:5      | Reached skill level 6 in Slings
  5940 | D:5      | Reached skill level 7 in Slings
  6503 | Temple   | Entered the Ecumenical Temple
  6562 | Temple   | Became a worshipper of Qazlal Stormbringer
  6622 | D:5      | Reached skill level 8 in Slings
  6622 | D:5      | Reached XP level 8. HP: 35/54 MP: 10/10
  6872 | D:6      | Noticed Grinder
  6895 | D:6      | Noticed Menkaure
  7006 | D:6      | Killed Menkaure
  7007 | D:6      | Reached skill level 9 in Slings
  7013 | D:6      | Found a sparkling altar of Nemelex Xobeh.
  7184 | D:6      | Found Wollov's Gadget Boutique.
  7241 | D:6      | Paralysed by Grinder for 5 turns
  7254 | D:6      | Killed Grinder
  7255 | D:6      | Reached skill level 10 in Slings
  7378 | D:6      | Found an iron altar of Okawaru.
  7387 | D:6      | Noticed Eustachio
  7427 | D:6      | Killed Eustachio
  7428 | D:6      | Reached skill level 11 in Slings
  7577 | D:6      | Reached * piety under Qazlal
  7599 | D:6      | Found Vusywk's Assorted Antiques.
  7617 | D:6      | Bought a scroll labelled QOIM AMIRCH for 31 gold pieces
  7617 | D:6      | Acquired 1009 gold pieces
  7618 | D:6      | Noticed Prince Ribbit
  7788 | D:6      | Reached skill level 12 in Slings
  7788 | D:6      | Reached XP level 9. HP: 61/61 MP: 11/11
  7856 | D:6      | Killed Prince Ribbit
  7857 | D:6      | Reached skill level 3 in Armour
  7892 | D:6      | Reached skill level 4 in Armour
  8228 | D:6      | Found a bloodstained altar of Trog.
  8231 | D:6      | Found a hazy altar of Hepliaklqana.
  8235 | D:6      | Found a sparkling altar of Nemelex Xobeh.
  8301 | D:6      | Reached skill level 2 in Crossbows
  8362 | D:6      | Found Puig's Weapon Emporium.
  8370 | D:6      | Bought a +0 fustibalus for 195 gold pieces
  8715 | D:7      | Reached skill level 1 in Shields
  9171 | D:7      | Found a glowing golden altar of the Shining One.
  9210 | D:7      | Noticed a hornet
  9340 | D:4      | Bought a wand of paralysis (8) for 110 gold pieces
  9340 | D:4      | Bought a lightning rod (4/4) for 330 gold pieces
  9340 | D:4      | Bought a wand of iceblast (12) for 176 gold pieces
  9612 | D:7      | Killed a hornet
  9613 | D:7      | Reached skill level 3 in Dodging
  9613 | D:7      | Reached skill level 2 in Shields
  9670 | D:7      | Reached skill level 1 in Evocations
  9712 | D:8      | Found Ukus's Weapon Emporium.
  9739 | D:8      | Noticed a hornet
  9747 | D:8      | Killed a hornet
  9748 | D:8      | Reached XP level 10. HP: 67/67 MP: 12/12
  9751 | D:8      | Reached skill level 13 in Slings
  9751 | D:8      | Reached skill level 5 in Armour
  9799 | D:8      | Reached skill level 3 in Shields
  9799 | D:8      | Reached skill level 2 in Evocations
  9822 | D:8      | Noticed a komodo dragon
  9832 | D:8      | Killed a komodo dragon
  9833 | D:8      | Reached skill level 4 in Dodging
  9851 | D:8      | Reached ** piety under Qazlal
  9924 | D:8      | Reached skill level 6 in Fighting
  9956 | D:8      | Found a staircase to the Lair.
 10476 | D:9      | Reached skill level 3 in Evocations
 10506 | D:9      | Found a snail-covered altar of Cheibriados.
 10651 | D:9      | Reached skill level 4 in Shields
 11069 | D:9      | Noticed a moth of wrath
 11091 | D:9      | Found a bloodstained altar of Trog.
 11165 | D:9      | Killed a moth of wrath
 11166 | D:9      | Reached skill level 14 in Slings
 11166 | D:9      | Reached skill level 6 in Armour
 11359 | D:9      | Noticed a centaur warrior
 11376 | D:9      | Killed a centaur warrior
 11377 | D:9      | Reached skill level 5 in Dodging
 11377 | D:9      | Reached skill level 1 in Invocations
 11377 | D:9      | Reached XP level 11. HP: 53/74 MP: 13/13
 11510 | D:9      | Noticed Maggie
 11514 | D:9      | Killed Maggie
 11515 | D:9      | Reached skill level 2 in Invocations
 12021 | D:10     | Entered Level 10 of the Dungeon
 12073 | D:10     | Reached skill level 4 in Evocations
 12142 | D:10     | Reached skill level 5 in Shields
 12581 | D:10     | Found a shadowy altar of Dithmenos.
 12898 | D:10     | Killed an unseen horror
 12899 | D:10     | Reached skill level 3 in Invocations
 13411 | D:10     | Killed an unseen horror
 13412 | D:10     | Reached skill level 7 in Armour
 13696 | Lair:1   | Entered Level 1 of the Lair of Beasts
 13729 | Lair:1   | Reached skill level 6 in Dodging
 13838 | Lair:1   | Noticed Gastronok
 13853 | Lair:1   | Killed Gastronok
 13854 | Lair:1   | Reached skill level 7 in Fighting
 13854 | Lair:1   | Reached skill level 4 in Invocations
 13854 | Lair:1   | Reached skill level 5 in Evocations
 14032 | Lair:1   | Noticed a seven-headed hydra
 14048 | Lair:1   | Killed a seven-headed hydra
 14049 | Lair:1   | Reached skill level 6 in Shields
 14049 | Lair:1   | Reached XP level 12. HP: 69/81 MP: 15/15
 14135 | Lair:1   | Noticed a four-headed hydra
 14145 | Lair:1   | Noticed Urug
 14433 | D:8      | Killed a four-headed hydra
 14535 | Lair:1   | Killed Urug
 14536 | Lair:1   | Reached skill level 8 in Armour
 14536 | Lair:1   | Reached skill level 5 in Invocations
 14794 | Lair:1   | Noticed a five-headed hydra
 14815 | Lair:1   | Killed a five-headed hydra
 14816 | Lair:1   | Reached skill level 8 in Fighting
 14816 | Lair:1   | Reached skill level 7 in Shields
 15276 | Lair:1   | Reached skill level 9 in Armour
 16091 | Lair:2   | Reached skill level 8 in Shields
 16206 | Lair:2   | Reached *** piety under Qazlal
 16841 | Lair:2   | Reached skill level 9 in Fighting
 16845 | Lair:2   | Reached XP level 13. HP: 90/90 MP: 16/16
 16986 | Lair:2   | You fall into a shaft and drop 1 floor!
 16987 | Lair:3   | Noticed a boulder beetle
 16992 | Lair:3   | Noticed Rupert
 17006 | Lair:2   | Noticed a boulder beetle
 17343 | Lair:2   | Killed a boulder beetle
 17344 | Lair:2   | Reached skill level 10 in Armour
 17352 | Lair:2   | Reached skill level 9 in Shields
 17624 | Lair:3   | Reached skill level 6 in Invocations
 18337 | Lair:3   | Killed a boulder beetle
 18549 | Lair:3   | Noticed Nergalle
 18646 | Lair:2   | Killed Nergalle
 18647 | Lair:2   | Reached skill level 7 in Invocations
 19103 | Lair:3   | Killed Rupert
 19104 | Lair:3   | Reached skill level 10 in Fighting
 19104 | Lair:3   | Reached skill level 10 in Shields
 20187 | Lair:4   | Noticed a five-headed hydra
 20202 | Lair:4   | Killed a five-headed hydra
 20556 | Lair:4   | Noticed a seven-headed hydra
 20574 | Lair:3   | Killed a seven-headed hydra
 20588 | Lair:3   | Reached skill level 8 in Invocations
 21064 | Lair:4   | Found a staircase to the Swamp.
 21117 | Lair:4   | Found a staircase to the Snake Pit.
 21236 | Lair:3   | Reached XP level 14. HP: 41/99 MP: 20/20
 22328 | Lair:4   | Reached skill level 11 in Shields
 22745 | Lair:5   | Reached skill level 9 in Invocations
 23745 | Lair:5   | Reached skill level 11 in Fighting
 23889 | Lair:5   | Identified the +0 pair of gloves of the Hills {rPois rC+
                  | Str-5 Slay+5} (You found it on level 5 of the Lair of
                  | Beasts)
 24033 | Lair:5   | Found a viscous altar of Jiyva.
 24033 | Lair:5   | Found a staircase to the Slime Pits.
 24316 | Lair:6   | Entered Level 6 of the Lair of Beasts
 24637 | Lair:5   | Reached **** piety under Qazlal
 25232 | Lair:5   | Reached skill level 10 in Invocations
 25442 | Lair:6   | Reached skill level 12 in Shields
 27544 | Lair:6   | Reached XP level 15. HP: 92/108 MP: 22/22
 27547 | Lair:6   | Reached skill level 12 in Fighting
 27714 | Lair:6   | Reached ***** piety under Qazlal
 28266 | Lair:6   | Found a burning altar of Makhleb.
 28275 | Lair:6   | Reached skill level 13 in Shields
 28416 | Lair:6   | Found a gateway to Hell.
 29159 | D:11     | Reached skill level 6 in Evocations
 30076 | D:12     | Found a staircase to the Orcish Mines.
 30142 | D:12     | Reached skill level 11 in Armour
 30861 | Orc:1    | Entered Level 1 of the Orcish Mines
 31387 | Orc:1    | Reached ****** piety under Qazlal
 31521 | Orc:1    | Reached skill level 7 in Evocations
 31643 | Orc:1    | Noticed an orc warlord
 31665 | Orc:1    | Killed an orc warlord
 32096 | Orc:2    | Entered Level 2 of the Orcish Mines
 33427 | Orc:2    | Reached XP level 16. HP: 116/116 MP: 23/23
 33792 | Orc:2    | Reached skill level 13 in Fighting
 34130 | Orc:2    | Reached skill level 14 in Shields
 34184 | Orc:2    | Found a staircase to the Elven Halls.
 34401 | Orc:2    | Found Koschievu's Book Emporium.
 34401 | Orc:2    | Found Robleabekh's Book Shop.
 34403 | Orc:2    | Found Fumeuce's Antique Weapon Boutique.
 34405 | Orc:2    | Found Pairan's Magic Scroll Shoppe.
 34835 | D:13     | Noticed Snorg
 34849 | D:13     | Killed Snorg
 35799 | D:14     | Reached skill level 12 in Armour
 36034 | D:14     | Noticed Jorgrun
 36057 | D:14     | Killed Jorgrun
 36064 | D:14     | Reached skill level 11 in Invocations
 36520 | D:14     | Found a gate to the Vaults.
 36964 | D:15     | Entered Level 15 of the Dungeon
 37503 | D:15     | Found a staircase to the Depths.
 37640 | D:15     | Reached XP level 17. HP: 123/123 MP: 25/25
 38027 | D:15     | Found a bloodstained altar of Trog.
 38682 | Snake:1  | Entered Level 1 of the Snake Pit
 38694 | Snake:1  | Acquired the ring "Irekiwoso" {rC+ rCorr Str+5}
 38867 | Snake:1  | Reached skill level 15 in Shields
 38872 | Snake:1  | Reached skill level 13 in Armour
 38898 | Snake:1  | Reached skill level 12 in Invocations
 39173 | Snake:1  | Found Yjeorud's Jewellery Shop.
 39211 | Snake:1  | Found Leutoele's Weapon Boutique.
 39212 | Snake:1  | Found Fegieni's General Store.
 39391 | Snake:1  | Reached skill level 14 in Fighting
 39813 | Snake:1  | Identified the cursed +0 helmet of Death Resistance {rC+}
                  | (You found it on level 1 of the Snake Pit)
 40016 | D:6      | Bought an ichor-stained crystal plate armour for 2635 gold
                  | pieces
 40016 | D:6      | Identified the +0 crystal plate armour "Pimi" {MP+9} (You
                  | bought it in a shop on level 6 of the Dungeon)
 40441 | Snake:2  | Noticed Nikola
 40462 | Snake:2  | Killed Nikola
 40929 | Snake:2  | Found a runed translucent gate.
 40930 | Snake:2  | Found a runed translucent gate.
 40930 | Snake:2  | Found an opulent altar of Gozag.
 40931 | Snake:2  | Found a runed translucent gate.
 40932 | Snake:2  | Found Fidafo's Assorted Antiques.
 40933 | Snake:2  | Found Tuis's Assorted Antiques.
 40934 | Snake:2  | Noticed Liforeniyw's ghost (adept MiBe)
 40986 | Snake:2  | Reached skill level 13 in Invocations
 41081 | Snake:2  | Reached skill level 14 in Armour
 41300 | Snake:2  | Reached XP level 18. HP: 124/131 MP: 27/27
 41442 | Snake:2  | Noticed Aizul
 41462 | Snake:2  | Killed Aizul
 42169 | Snake:3  | Reached skill level 16 in Shields
 42973 | Snake:3  | Reached skill level 14 in Invocations
 44625 | Orc:2    | Bought a scroll of enchant armour for 90 gold pieces
 44972 | Snake:4  | Entered Level 4 of the Snake Pit
 44986 | Snake:4  | Noticed Mara
 44988 | Snake:4  | Noticed EnegeticOcto's illusion
 45219 | Snake:3  | Reached skill level 17 in Shields
 45324 | Snake:4  | Noticed EnegeticOcto's illusion
 46182 | Snake:3  | Noticed EnegeticOcto's illusion
 46205 | Snake:4  | Reached skill level 15 in Invocations
 46687 | Snake:4  | Reached XP level 19. HP: 136/136 MP: 30/30
 47065 | Snake:4  | Reached skill level 18 in Shields
 48556 | Snake:4  | Reached skill level 19 in Shields
 49100 | Snake:4  | Got a serpentine rune of Zot
 49356 | Swamp:1  | Entered Level 1 of the Swamp
 49498 | Swamp:1  | Noticed Frances
 49524 | Swamp:1  | Killed Frances
 50564 | Swamp:1  | Noticed Louise
 50577 | Swamp:1  | Killed Louise
 50868 | Swamp:2  | Reached skill level 20 in Shields
 53092 | Swamp:3  | Found a runed translucent door.
 53137 | Swamp:3  | Reached XP level 20. HP: 143/143 MP: 31/31
 54353 | Snake:1  | Bought an uncursed amulet of reflection for 420 gold pieces
 54530 | Swamp:4  | Entered Level 4 of the Swamp
 54563 | Swamp:3  | Reached skill level 21 in Shields
 55820 | Swamp:4  | Noticed a bone dragon
 55841 | Swamp:4  | Killed a bone dragon
 56010 | Swamp:4  | Got a decaying rune of Zot
 56702 | Vaults:1 | Entered Level 1 of the Vaults
 56856 | Vaults:1 | Noticed Saint Roka
 56858 | Vaults:1 | Reached skill level 8 in Evocations
 56872 | Vaults:1 | Killed Saint Roka
 57804 | Vaults:1 | Reached XP level 21. HP: 149/149 MP: 32/32
 57912 | Vaults:1 | Reached skill level 9 in Evocations
 58435 | Vaults:1 | Reached skill level 15 in Armour
 59042 | Vaults:1 | Reached skill level 16 in Invocations
 59080 | Vaults:1 | Acquired 945 gold pieces
 59084 | Vaults:1 | Acquired the ring of the Hare {EV+8}
 59085 | Vaults:1 | Found the ring of the Hare {EV+8}
 59085 | Vaults:1 | Acquired the ring "Hialyedy" {rPois rC+ Will+ Int-2}
 60521 | Vaults:2 | Reached skill level 15 in Fighting
 60761 | Vaults:2 | Noticed a Brimstone Fiend
 60775 | Vaults:2 | Reached skill level 10 in Evocations
 61290 | Vaults:2 | Found a large runed translucent door.
 61291 | Vaults:2 | Found a large runed translucent door.
 61292 | Vaults:2 | Noticed jlumianski's ghost (veteran KoBe)
 61763 | Vaults:2 | Killed jlumianski's ghost
 61961 | Vaults:3 | Noticed a lich
 62355 | Vaults:3 | Reached XP level 22. HP: 145/157 MP: 34/34
 62524 | Vaults:3 | Paralysed by a lich for 2 turns
 62747 | Vaults:3 | Reached skill level 16 in Armour
 63086 | Vaults:3 | Reached skill level 11 in Evocations
 63182 | Vaults:3 | Reached skill level 17 in Invocations
 63191 | Vaults:3 | Noticed Donald
 63221 | Vaults:3 | Killed Donald
 63443 | Vaults:3 | Noticed Sojobo
 63490 | Vaults:3 | Killed Sojobo
 63704 | Vaults:3 | Found a staircase to the Crypt.
 64972 | Vaults:4 | Reached skill level 16 in Fighting
 65388 | Vaults:4 | Reached XP level 23. HP: 165/165 MP: 35/35
 65398 | Vaults:4 | Reached skill level 12 in Evocations
 66200 | Vaults:4 | Reached skill level 17 in Armour
 66697 | Depths:1 | Entered Level 1 of the Depths
 67486 | Depths:1 | Found an iron altar of Okawaru.
 67890 | Depths:1 | Reached skill level 18 in Invocations
 67938 | Depths:1 | Got a steaming crystal amulet
 68096 | Depths:1 | Identified the amulet of Yendor {Inacc rPois rC+ Dex+2}
                  | (You found it on level 1 of the Depths)
 69933 | Depths:2 | Noticed a juggernaut
 69948 | Depths:2 | Killed a juggernaut
 70386 | Depths:3 | Reached skill level 18 in Armour
 70511 | Depths:3 | Reached XP level 24. HP: 103/173 MP: 36/36
 70734 | Depths:3 | Reached skill level 17 in Fighting
 70827 | Depths:3 | Found a one-way gate to the infinite horrors of the Abyss.
 71440 | Depths:3 | Reached skill level 19 in Invocations
 71759 | Depths:3 | Found a one-way gate leading to the halls of Pandemonium.
 72128 | Depths:3 | Noticed a golden dragon
 72152 | Depths:3 | Killed a golden dragon
 72204 | Depths:3 | Found the +10 zealot's sword {holy, *Rage rN+ EV+3}
 72240 | Depths:3 | Identified the Almanac of Ensnaring Intoxication
 72269 | Depths:3 | Identified the Guide on Dark Summoning
 72848 | Depths:4 | Found Pesoij's Gadget Shoppe.
 72866 | Depths:4 | Bought a wand of digging (4) for 256 gold pieces
 72866 | Depths:4 | Bought a wand of acid (11) for 480 gold pieces
 72866 | Depths:4 | Bought a condenser vane for 640 gold pieces
 73330 | Depths:4 | You fall into a shaft and drop 1 floor!
 73330 | Depths:5 | Entered Level 5 of the Depths
 73835 | Depths:5 | Got a crude granite ring
 73874 | Depths:5 | Noticed a juggernaut
 73898 | Depths:5 | Killed a juggernaut
 73899 | Depths:5 | Reached skill level 19 in Armour
 74442 | Depths:5 | Reached XP level 25. HP: 182/182 MP: 36/36
 74577 | Depths:5 | Reached skill level 18 in Fighting
 74818 | Depths:5 | Reached skill level 20 in Invocations
 75214 | Depths:5 | Found a gateway to a ziggurat.
 76023 | Depths:5 | Found a gate to the Realm of Zot.
 76432 | Zig:1    | Entered Level 1 of a ziggurat
 76488 | Zig:2    | Entered Level 2 of a ziggurat
 76490 | Zig:2    | Found the cursed +13 scythe of Curses {drain, *Curse}
 76596 | Zig:3    | Entered Level 3 of a ziggurat
 76728 | Zig:4    | Entered Level 4 of a ziggurat
 76777 | Zig:5    | Entered Level 5 of a ziggurat
 76779 | Zig:5    | Noticed a Killer Klown
 76782 | Zig:5    | Noticed a Killer Klown
 76795 | Zig:5    | a Killer Klown changed into a quicksilver dragon
 76826 | Zig:5    | Killed a Killer Klown
 76920 | Zig:5    | Found the ring of the Octopus King
 76950 | Zig:5    | Identified the ring of the Middle {+Fly rElec rF- rCorr
                  | Stlth+} (You found it on level 5 of the Depths)
 76952 | Zig:5    | Identified a ring of the Octopus King {rC+ AC+1 EV+1 Str+1
                  | Int+1 Dex+1} (You found it on level 5 of a ziggurat)
 77281 | Elf:1    | Entered Level 1 of the Elven Halls
 77745 | Elf:1    | Identified the +2 robe of Dim Light {rPois Will++ rCorr}
 77801 | Elf:1    | Reached skill level 20 in Armour
 77950 | Elf:1    | Found Pasuunia's Gadget Shoppe.
 77951 | Elf:1    | Found Ynicubiq's Jewellery Shop.
 77951 | Elf:1    | Found Sodil's Jewellery Shop.
 78443 | Elf:2    | Found a runed translucent gate.
 78443 | Elf:2    | Found a runed translucent gate.
 78443 | Elf:2    | Found a runed translucent gate.
 78835 | Elf:3    | Entered Level 3 of the Elven Halls
 79180 | Elf:3    | Reached skill level 21 in Invocations
 79180 | Elf:3    | Reached XP level 26. HP: 107/191 MP: 16/37
 80205 | Elf:3    | Identified the amulet of Xom's Sleight of Hands {Acrobat
                  | *Corrode rF+ SInv}
 80216 | Elf:3    | Reached skill level 19 in Fighting
 80534 | Elf:3    | Identified the ring "Mefum" {Str+2 Int+6}
 80937 | Elf:3    | Identified the Almanac of the Escort
 81416 | Slime:1  | Entered Level 1 of the Pits of Slime
 81708 | Slime:1  | Learned a level 1 spell: Apportation
 82016 | Slime:1  | Reached skill level 1 in Translocations
 82203 | Slime:1  | Reached skill level 2 in Translocations
 82223 | Slime:1  | Gained mutation: You tend to lose your temper in combat. [a
                  | shining eye]
 82396 | Slime:2  | Reached skill level 3 in Translocations
 82403 | Slime:2  | Reached skill level 4 in Translocations
 82522 | Slime:2  | Reached skill level 5 in Translocations
 83150 | Snake:1  | Bought 22 stones for 35 gold pieces
 83150 | Snake:1  | Bought 25 sling bullets for 200 gold pieces
 83233 | Snake:3  | Noticed EnegeticOcto's illusion
 83259 | Snake:3  | Killed Mara
 83738 | D:6      | Bought 17 stones for 22 gold pieces
 83812 | D:5      | Bought 23 stones for 25 gold pieces
 84068 | Slime:3  | Reached skill level 22 in Invocations
 84074 | Slime:3  | Reached skill level 6 in Translocations
 84621 | Slime:4  | Reached skill level 7 in Translocations
 84626 | Slime:4  | Reached XP level 27. HP: 172/201 MP: 38/38
 84914 | Slime:5  | Entered Level 5 of the Pits of Slime
 84930 | Slime:5  | Noticed the Royal Jelly
 84935 | Slime:5  | Killed the Royal Jelly
 84936 | Slime:5  | Reached skill level 8 in Translocations
 85577 | Slime:5  | Reached skill level 9 in Translocations
 85587 | Slime:5  | Reached skill level 20 in Fighting
 86299 | Slime:5  | Identified Sif Muna's Almanac of Frigorific Poison
 86321 | Slime:5  | Identified Tiffudir's Compendium of Creative Dislocation
 86349 | Slime:5  | Identified Wocruerph's Papyrus of Ghastly Poison
 86352 | Slime:5  | Identified the +7 chain mail of Hopscotch {Slay+3} (You
                  | found it on level 5 of the Pits of Slime)
 86360 | Slime:5  | Identified Witchcraft in Simple Steps
 86382 | Slime:5  | Got a slimy rune of Zot
 86414 | Slime:5  | Identified the +8 fustibalus "Coekat" {freeze, +Blink} (You
                  | found it on level 5 of the Pits of Slime)
 86968 | Zot:1    | Entered Level 1 of the Realm of Zot
 87238 | Zot:1    | Reached skill level 10 in Translocations
 88003 | Zot:1    | Reached skill level 7 in Dodging
 88783 | Zot:2    | Reached skill level 8 in Dodging
 88946 | Zot:2    | Noticed an orb of fire
 88967 | Zot:2    | Gained mutation: Your skin changes colour to match your
                  | surroundings (Stealth+). [an orb of fire]
 88969 | Zot:2    | Killed an orb of fire
 89369 | Zot:2    | Reached skill level 9 in Dodging
 89399 | Zot:2    | Reached skill level 23 in Invocations
 89735 | Zot:2    | Noticed an orb of fire
 90155 | Zot:2    | Killed an orb of fire
 91805 | Zot:2    | Reached skill level 10 in Dodging
 93055 | Zot:2    | Found a burning altar of Makhleb.
 93803 | Zot:2    | Reached skill level 11 in Dodging
 93912 | Zot:2    | Reached skill level 21 in Fighting
 94445 | Zot:2    | Found a burning altar of Makhleb.
 95863 | Zot:4    | Reached skill level 12 in Dodging
 97260 | Zot:4    | Reached skill level 24 in Invocations
 98593 | Zot:5    | Entered Level 5 of the Realm of Zot
 98817 | Zot:5    | Reached skill level 13 in Dodging
 99148 | Zot:5    | Noticed a Killer Klown
 99159 | Zot:5    | Killed a Killer Klown
100536 | Zot:5    | Noticed a Killer Klown
100547 | Zot:5    | Killed a Killer Klown
100888 | Zot:5    | Noticed a Killer Klown
100895 | Zot:5    | Killed a Killer Klown
100895 | Zot:5    | Noticed an orb of fire
100927 | Zot:5    | Gained mutation: You often lose your temper in combat. [an
                  | orb of fire]
100929 | Zot:5    | Killed an orb of fire
101221 | Zot:5    | Noticed an orb of fire
101630 | Zot:5    | Reached skill level 14 in Dodging
102443 | Zot:5    | Noticed an orb of fire
102459 | Zot:5    | Gained mutation: You occasionally shout uncontrollably at
                  | your foes. [an orb of fire]
102467 | Zot:5    | Killed an orb of fire
102468 | Zot:5    | Reached skill level 22 in Fighting
102881 | Zot:5    | Gained mutation: You are weak. (Str -2) [an orb of fire]
102900 | Zot:5    | Killed an orb of fire
103120 | Zot:5    | Noticed a Killer Klown
103129 | Zot:5    | Killed a Killer Klown
103470 | Zot:5    | Noticed an ancient lich
103481 | Zot:5    | Killed an ancient lich
103901 | Zot:5    | Noticed an orb of fire
103919 | Zot:5    | Killed an orb of fire
104228 | Zot:5    | Reached skill level 25 in Invocations
104229 | Zot:5    | Noticed an ancient lich
104238 | Zot:5    | Killed an ancient lich
104239 | Zot:5    | Reached skill level 15 in Dodging
104374 | Zot:5    | Noticed an orb of fire
104395 | Zot:5    | Killed an orb of fire
104846 | Zot:5    | Noticed an orb of fire
104880 | Zot:5    | Killed an orb of fire
104931 | Zot:5    | Noticed an orb of fire
105381 | Zot:5    | Noticed an orb of fire
105414 | Zot:5    | Killed an orb of fire
106203 | Zot:5    | Killed an orb of fire
107214 | Zot:5    | Reached skill level 16 in Dodging
107484 | Zot:5    | Got the Orb of Zot
108220 | D:$      | Escaped with the Orb!

Illustrated notes

Levels and vault maps discovered:
D:1:      wheals_arrival_shading, layout_basic
D:2:      layout_basic, nicolae_overflow_hidden_temple, lemuel_doored_altar
D:3:      layout_rooms, dancing_weapons_uskayaw, minmay_hedge_maze,
          grunt_ministairs_3, serial_bayou_lagoon_a,
          hangedman_decor_clover_reticule, nemelex_spade_bored_becter
D:4:      layout_loops_corners, serial_shops, nicolae_shop_stone
D:5:      layout_loops_corners, minmay_temple_entry_stoned_glass, serial_shops,
          shop
D:6:      layout_loops_cross, minitemple, portal_sewer_entry_f, serial_shops,
          shop, nicolae_shop_temple_entry_statues_fountains, shop, basic_altar,
          uniq_prince_ribbit1, uniq_grinder, uniq_eustachio, uniq_menkaure
D:7:      layout_basic, tso_altar
D:8:      layout_cave_pools, due_lair_maze_entry_diamond, serial_shops, shop
D:9:      layout_basic, basic_altar, fungi_pond_lemuel, minivault_20, tgw_trog,
          uniq_maggie
D:10:     layout_basic, serial_curves, eino_curves_04, eino_curves_04,
          eino_curves_01, abandoned_shop, hangedman_abyss_or_decor_slice,
          nicolae_dithmenos_the_darkroom
D:11:     layout_cave_pools, serial_rivers, chequers_serial_rivers_micro_b,
          chequers_serial_rivers_micro_e, chequers_serial_rivers_marsh,
          chequers_serial_rivers_small_3, chequers_serial_rivers_micro_e
D:12:     layout_cave_pods, orc_0_dummy, amcnicky_mini_pool_medium
D:13:     layout_loops_ring, uniq_snorg
D:14:     wad_cavern_with_rooms, layout_long_grid,
          skrybe_vaults_entry_preservation, minmay_misc_feat_five, uniq_jorgrun
D:15:     gammafunk_depths_entry_grave, layout_cave_pods, basic_altar,
          serial_bayou_shore_a, minmay_tree_intersection
Temple:   dshaligram_water_room_temple
Lair:1:   layout_roguey, st_stairs_9, wad_woods_road_05, uniq_urug,
          uniq_gastronok
Lair:2:   layout_cave_pods, forest_entry_grove
Lair:3:   layout_loops_ring, beast_lair_carwin_7, uniq_rupert, uniq_nergalle
Lair:4:   layout_cellular_growth, palyth_hydra_swamp_entry,
          guppyfry_snake_entry_garden
Lair:5:   layout_loops_ring, dpeg_slime_entry_enclosed_altar
Lair:6:   evil_forest, layout_gridlike, nicolae_lair_yak_garden,
          minmay_lair_oklob_chamber
Swamp:1:  layout_basic_swamp, infiniplex_staircase_pool_2, uniq_louise,
          uniq_frances
Swamp:2:  layout_basic_swamp, evilmike_swamp_ruin_house_2
Swamp:3:  gammafunk_mikee_crab_dinner, layout_falls_marsh, serial_swamp_ruin,
          evilmike_swamp_ruin_wall, evilmike_swamp_ruin_house_1,
          evilmike_swamp_ruin_house_4
Swamp:4:  swamp_pestilence, layout_basic_swamp
Snake:1:  layout_misc_corridors, serial_bayou_pond_d, grunt_megastairs_3,
          lemuel_fruit_tree, minmay_shop_star
Snake:2:  nicolae_snake_nest, layout_grid_maze, ebering_ghost_gozag,
          hangedman_corner_corridor, uniq_aizul, uniq_nikola
Snake:3:  layout_misc_corridors
Snake:4:  snake_pit, layout_onion_interference, grunt_ministairs_2,
          st_stairs_12, uniq_mara
Slime:1:  cheibrodos_slime_lost_civilization_10, layout_caves
Slime:2:  layout_caves, cheibrodos_slime_lost_civilization_7
Slime:3:  layout_caves
Slime:4:  layout_caves, cheibrodos_slime_lost_civilization_6
Slime:5
Orc:1:    layout_diamond_mine
Orc:2:    st_orc_rangers, layout_diamond_mine, mines4_lemuel
Elf:1:    layout_geoelf_diagonals, minivault_28, minmay_misc_feat_alley,
          minmay_shop_grove
Elf:2:    layout_geoelf_grid, st_stairs_4, minivault_24
Elf:3:    minmay_elf_hall, layout_gridlike
Vaults:1: nicolae_vaults_yaktaur_gun_rack, vaults_room_grunt_arrival_ludios,
          grunt_vaults_diagonal, vaults_dpeg_cross,
          nicolae_vaults_quartermaster, v_pattern_4,
          nicolae_vaults_circle_grid_a, v_alt_pattern_1,
          nicolae_vaults_gold_heap, nicolae_vaults_shelves_hall,
          layout_vaults_chaotic_city, uniq_saint_roka
Vaults:2: ebering_vaults_ghost_disaster_area,
          vaults_standard_mumra_enter_the_diamond, nicolae_vaults_little_ls,
          v_misc_33, ontoclasm_vaults_eye, nicolae_vaults_diagonal_hallway_7,
          v_alt_pattern_6, vaults_room_door_ring, hangedman_vaults_trim,
          v_misc_16, vaults_room_door_ring, nicolae_vaults_border_crossing,
          vaults_dpeg_hooks, vaults_dpeg_encased_lava, vaults_room_large_hall,
          vaults_room_hallway, layout_vaults_ring
Vaults:3: v_pattern_3, minmay_crypt_entry_simple_box, hangedman_vaults_stagger,
          v_misc_10, grunt_vaults_hallway_short, vaults_room_fours,
          vaults_mumra_chevron, nicolae_vaults_three_branches,
          vaults_room_glass_cross, vaults_dpeg_diagonal, v_misc_32, v_misc_22,
          vaults_room_grid, nicolae_vaults_shelves_hall, ontoclasm_vaults_twist,
          layout_vaults_omnibox, uniq_donald, uniq_sojobo
Vaults:4: hangedman_vaults_maws, ontoclasm_vaults_misaligned,
          ontoclasm_vaults_decontamination, dpeg_vaults_monster_box,
          nicolae_vaults_little_squares_6, st_more_cells,
          nicolae_vaults_diagonal_hallway_9, v_misc_13, layout_vaults_omnigrid,
          portal_desolation_entry_ruin
Depths:1: layout_roguey, chequers_serial_rivers_room_b, lightli_too_deep,
          okawaru_ov_weapons_minmay, grunt_megastairs_5
Depths:2: cheibrodos_hall_of_evolution, layout_honeycomb, minmay_crystal_water,
          hell_entry
Depths:3: gold_lair_mu, layout_honeycomb, grunt_decor_junction,
          nicolae_abyss_entry_one_way_or_another, rand_demon_pan_entry_4,
          hell_entry
Depths:4: mu_elemental_laboratory, layout_basic, hangedman_geh_valley,
          abyss_entry, minmay_staircase_bubble, serial_shops, shop,
          statue_in_the_mist_lemuel, minmay_misc_feat_more_columns
Depths:5: grunt_bruiser_brothers, layout_basic, enter_ziggurat_d,
          hangedman_abyss_or_decor_jellyfish_corner, pf_hell_entry_tar_river,
          drop_trap
Zot:1:    layout_cellular_growth
Zot:2:    lemuel_halls_of_wrath, layout_gridlike, basic_altar
Zot:3:    layout_concentric_octagons
Zot:4:    layout_twisted_circle
Zot:5:    layout_gridlike, st_stairs_9

Skill      XL: |  1  2  3  4  5  6  7  8  9 10 11 12 13 14 15 16 17 18 19 20 21 22 23 24 25 26 27 |
---------------+----------------------------------------------------------------------------------+-----
Fighting       | 1 2 3 4 5 6 7 9 10 11 12 13 14 15 16 17 18 19 22 | 22.7
Slings         | 3 4 8 12 14 | 14.0
Armour         | 4 6 7 9 10 11 12 14 15 16 18 19 20 | 20.0
Crossbows      | 2 |  2.5
Shields        | 2 4 6 8 10 12 13 14 15 17 20 21 | 21.0
Dodging        | 3 5 6 16 | 16.2
Evocations     | 1 3 5 7 8 10 11 12 | 12.0
Invocations    | 1 4 5 8 10 11 13 15 16 17 18 19 21 22 25 | 25.6
Translocations | 7 10 | 10.0
Stealth        | |  2.1
Spellcasting   | |  1.5
Necromancy     | |  3.2

Action                   |  1- 3 |  4- 6 |  7- 9 | 10-12 | 13-15 | 16-18 | 19-21 | 22-24 | 25-27 || total
-------------------------+-------+-------+-------+-------+-------+-------+-------+-------+-------++-------
Melee: Unarmed           |    10 |       |       |       |       |       |       |       |    50 ||    60
       Spear             |   101 |    96 |    54 |       |       |       |       |       |       ||   251
       Fustibalus        |       |       |       |     2 |       |     1 |       |       |     2 ||     5
 Fire: Hunting sling     |       |   118 |   332 |       |       |       |       |       |       ||   450
       Fustibalus        |       |       |   116 |   703 |  1665 |  1842 |  2399 |  2195 |  3542 || 12462
Throw: Dart              |     4 |    17 |       |       |       |       |       |       |       ||    21
       Throwing net      |       |     1 |       |       |       |       |       |       |       ||     1
 Cast: Pain              |    16 |       |       |       |       |       |       |       |       ||    16
       Apportation       |       |       |       |       |       |       |       |       |    79 ||    79
Invok: Upheaval          |       |       |       |     5 |       |     5 |     7 |     1 |    16 ||    34
       Elemental Force   |       |       |       |       |     2 |     8 |     5 |     9 |    21 ||    45
       Disaster Area     |       |       |       |       |     2 |     5 |       |     3 |     2 ||    12
 Abil: Evoke Blink       |       |       |       |       |       |       |       |       |     1 ||     1
Evoke: Lightning rod     |       |       |     4 |     5 |     2 |       |       |       |       ||    11
       Wand              |       |       |       |     6 |     3 |     2 |     2 |       |    30 ||    43
       Phial of floods   |       |       |       |       |       |     2 |       |     1 |       ||     3
       Condenser vane    |       |       |       |       |       |       |       |     1 |     6 ||     7
  Use: Scroll            |       |    10 |    10 |     9 |    10 |     7 |     9 |    10 |    35 ||   100
       Potion            |       |       |       |     2 |       |     1 |       |     6 |     8 ||    17
 Stab: Sleeping          |     3 |     3 |       |       |       |       |       |       |       ||     6
Armor: Robe              |    10 |       |       |       |       |       |       |       |       ||    10
       Ring mail         |    14 |    21 |       |       |       |       |       |       |       ||    35
       Plate armour      |       |    38 |   115 |   184 |   178 |       |       |       |       ||   515
       Crystal plate arm |       |       |       |       |    76 |   302 |   371 |   262 |       ||  1011
       Gold dragon scale |       |       |       |       |       |       |       |    21 |   470 ||   491
Dodge: Dodged            |   104 |    96 |    50 |    68 |   151 |   135 |   162 |   136 |   256 ||  1158
       Repelled          |       |       |       |       |     2 |    28 |    20 |     6 |    26 ||    82
Block: Kite shield       |       |       |    22 |   232 |   739 |   960 |  1126 |  1104 |  1492 ||  5675
       Other             |       |       |     3 |       |       |       |       |       |       ||     3
       Reflection        |       |       |       |       |       |       |    64 |    81 |   105 ||   250
